 Dungeon Sprint DCSS version 0.18.1-48-g4cf74bf (webtiles) character file.

956 Jebus the Martial Artist (level 8, -1/44 HPs)
             Began as a Vine Stalker Monk on Aug 24, 2016.
             Slain by a sixfirhy (8 damage)
             ... summoned by a kobold demonologist
             ... in the Dungeon (Sprint I: "Red Sonja").
             The game lasted 00:01:30 (303 turns).

Jebus the Martial Artist (Vine Stalker Monk)         Turns: 303, Time: 00:01:31

Health: -1/44      AC:  2    Str: 14    XL:     8   Next: 14%
Magic:  0/9        EV: 16    Int: 10    God:
Gold:   405        SH:  0    Dex: 19    Spells: 0 memorised, 7 levels left

rFire  . . .     SeeInvis .       - Unarmed
rCold  . . .     Gourm    .     a - +0 robe
rNeg   . . .     Faith    .     (no shield)
rPois  .         Spirit   +     (no helmet)
rElec  .         Dismiss  .     (no cloak)
rCorr  .         Reflect  .     (no gloves)
SustAt .         Harm     .     (no boots)
MR     +....     NoTele   +     (no amulet)
Stlth  +++.......               (no ring)
                                (no ring)

@: somewhat resistant to hostile enchantments, fairly stealthy
A: fangs 3, regeneration 2, magic shield, antimagic bite, no device heal 3, rot
immunity
a: no special abilities


You were in the Dungeon.
You were not hungry.

You visited 1 branch You collected 405 gold pieces.

Inventory:

Armour
 a - a +0 robe (worn)
Scrolls
 h - a scroll of blinking
Potions
 c - a potion of curing
 d - a potion of heal wounds
 e - a potion of haste
 f - 2 potions of magic
Comestibles
 b - a bread ration


   Skills:
 - Level 5.9 Fighting
 - Level 5.3 Dodging
 - Level 3.9 Stealth
 + Level 14.8 Unarmed Combat


You had 7 spell levels left.
You didn't know any spells.

Dungeon Overview and Level Annotations

Branches:
Dungeon (1/1)

Altars:
Cheibriados
Dithmenos
Elyvilon
Fedhas
Gozag
Kikubaaqudgha
Makhleb
Nemelex Xobeh
Okawaru
Pakellas
Qazlal
Ru
Sif Muna
Trog
Vehumet
Xom
Yredelemnul
Zin
The Shining One
Jiyva

Shops:
D ?


Innate Abilities, Weirdness & Mutations

You have razor-sharp teeth.
You heal very quickly.
When hurt, damage is shared between your health and your magic reserves.
Your bite disrupts and absorbs the magic of your enemies.
Potions and wands cannot restore your health.
You are immune to rotting.


Message History

The kobold demonologist barely misses you.
The kobold demonologist gestures wildly while chanting.
You punch the kobold demonologist!
The kobold demonologist is almost dead.
The kobold demonologist hits you with a dagger.
You punch the kobold demonologist!
You kill the kobold demonologist!
Your Unarmed Combat skill increases to level 14!
You have reached level 8!
You feel agile.
Your teeth grow very long and razor-sharp.
The sixfirhy completely misses you. The sixfirhy closely misses you.
Unknown command.
You punch the sixfirhy! Your bite misses the sixfirhy.
The sixfirhy is moderately wounded.
The sixfirhy hits you! The sixfirhy shocks you! The sixfirhy hits you!
The sixfirhy shocks you!
* * * LOW HITPOINT WARNING * * *
The sixfirhy hits you!
You die...

######################
..)..#.)'..#__#..4.4.#
..#..'..#..'..'.@#44.#
####'#####'#__####.5.+
###..#...#)#### ####
__####..##)#
_.___##'#..+
_.∩..†'..._#
_..._##_.#'#
_____###+#[# ######
###


You could see an orange demon and a sixfirhy.

Vanquished Creatures
  A kobold demonologist (D)
  A slime creature (D)
  A yak (D)
  Sigmund (D)
  A giant eyeball (D)
  An ogre (D)
  A jelly (D)
  Ijyb (D)
8 creatures vanquished.

Notes
Turn   | Place    | Note
--------------------------------------------------------------
     0 | D        | Jebus the Vine Stalker Monk began the quest for the Orb.
     0 | D        | Reached XP level 1. HP: 11/11 MP: 2/2
     2 | D        | Noticed Ijyb
    20 | D        | Killed Ijyb
    20 | D        | Reached skill level 5 in Unarmed Combat
    20 | D        | Reached XP level 2. HP: 9/17 MP: 3/3
    20 | D        | Reached XP level 3. HP: 12/21 MP: 4/4
    53 | D        | Noticed an ogre
    59 | D        | Killed an ogre
    59 | D        | Reached skill level 7 in Unarmed Combat
    59 | D        | Reached XP level 4. HP: 26/26 MP: 5/5
   105 | D        | Noticed Sigmund
   112 | D        | Killed Sigmund
   112 | D        | Reached skill level 5 in Fighting
   112 | D        | Reached skill level 5 in Dodging
   112 | D        | Reached skill level 9 in Unarmed Combat
   112 | D        | Reached XP level 5. HP: 27/32 MP: 6/6
   112 | D        | Gained mutation: You heal very quickly. [Vine Stalker growth]
   112 | D        | Reached XP level 6. HP: 30/36 MP: 7/7
   126 | D        | Found a deep blue altar of Sif Muna.
   128 | D        | Found a radiant altar of Vehumet.
   133 | D        | Reached skill level 10 in Unarmed Combat
   140 | D        | Found Guppoy's Magic Scroll Emporium.
   140 | D        | Found a white marble altar of Elyvilon.
   140 | D        | Found a stormy altar of Qazlal.
   140 | D        | Found a burning altar of Makhleb.
   140 | D        | Found a sacrificial altar of Ru.
   140 | D        | Found an oddly glowing altar of Pakellas.
   140 | D        | Found a basalt altar of Yredelemnul.
   140 | D        | Found a glowing golden altar of the Shining One.
   140 | D        | Found a sparkling altar of Nemelex Xobeh.
   140 | D        | Found a shimmering altar of Xom.
   140 | D        | Found an opulent altar of Gozag.
   140 | D        | Found an ancient bone altar of Kikubaaqudgha.
   140 | D        | Found a glowing silver altar of Zin.
   140 | D        | Noticed a yak
   142 | D        | Found an iron altar of Okawaru.
   153 | D        | Killed a yak
   153 | D        | Reached skill level 12 in Unarmed Combat
   153 | D        | Reached XP level 7. HP: 3/39 MP: 2/8
   218 | D        | Found a bloodstained altar of Trog.
   248 | D        | Found a snail-covered altar of Cheibriados.
   248 | D        | Found a viscous altar of Jiyva.
   248 | D        | Found a shadowy altar of Dithmenos.
   248 | D        | Found a blossoming altar of Fedhas.
   248 | D        | Noticed a slime creature
   257 | D        | Killed a slime creature
   257 | D        | Reached skill level 13 in Unarmed Combat
   278 | D        | Noticed a kobold demonologist
   279 | D        | Noticed a kobold demonologist
   293 | D        | Noticed a sixfirhy
   295 | D        | Noticed an ice devil
   302 | D        | Killed a kobold demonologist
   302 | D        | Reached skill level 14 in Unarmed Combat
   302 | D        | Gained mutation: You have razor-sharp teeth. [Vine Stalker growth]
   302 | D        | Reached XP level 8. HP: 39/44 MP: 9/9
   303 | D        | Noticed an orange demon
   303 | D        | Slain by a sixfirhy

Skill      XL: |  1  2  3  4  5  6  7 |
---------------+----------------------+-----
Fighting       | 3 4 5 |  5.9
Dodging        | 3 4 5 |  5.3
Unarmed Combat | 5 7 9 12 14 | 14.8
Stealth        | 3 |  3.9

Action                   |  1- 3 |  4- 6 |  7- 9 || total
-------------------------+-------+-------+-------++-------
Melee: Unarmed           |    21 |    18 |    30 ||    69
       Bite              |     5 |    11 |    11 ||    27
       Punch             |     2 |     2 |     3 ||     7
  Use: Potion            |     1 |       |       ||     1
 Stab: Sleeping          |       |     2 |     1 ||     3
Armor: Robe              |     2 |       |       ||     2
Dodge: Dodged            |    10 |     7 |    19 ||    36
